 Dungeon Crawl Stone Soup version 0.14-a0-882-gdff4d47 (webtiles) character file.

49 MDvedh the Vexing (level 2, 0/13 HPs)
             Began as a Spriggan Enchanter on Nov 17, 2013.
             Slain by a kobold
             ... wielding a +0,+0 dagger
              (2 damage)
             ... on Level 1 of the Dungeon.
             The game lasted 00:01:04 (436 turns).

MDvedh the Vexing (Spriggan Enchanter)               Turns: 436, Time: 00:01:04

HP   0/13        AC  3     Str  4      XL: 2   Next: 34%
MP   6/6         EV 18     Int 16      God:
Gold 34          SH  0     Dex 18      Spells:  2 memorised,  1 level left

Res.Fire  : . . .   See Invis. : +   a - +1 dagger
Res.Cold  : . . .   Warding    : .   b - +1 robe
Life Prot.: . . .   Conserve   : .   (shield restricted)
Res.Poison: .       Res.Corr.  : .   (helmet restricted)
Res.Elec. : .       Clarity    : .   (no cloak)
Sust.Abil.: . .     Spirit.Shd : .   (gloves unavailable)
Res.Mut.  : .       Stasis     : .   (boots unavailable)
Res.Rott. : .       Flight     : .   (no amulet)
Saprovore : . . .                    (no ring)
                                     g - +2 ring of dexterity

@: very quick, slightly resistant to hostile enchantments, stealthy
A: unfitting armour, see invisible, herbivore 3, speed 3, slow metabolism 2
a: no special abilities


You were on level 1 of the Dungeon.
You were not hungry.

You visited 1 branch of the dungeon, and saw 1 of its levels.

You collected 34 gold pieces.

Inventory:

Hand weapons
 a - a +1,+1 dagger (weapon)
Missiles
 d - 12 darts (quivered)
Armour
 b - a +1 robe (worn)
Comestibles
 f - 2 bread rations
Scrolls
 h - a scroll of identify {unknown}
 i - a scroll of noise {unknown}
Jewellery
 g - a +2 ring of dexterity (left hand)
Potions
 e - a potion of porridge
 j - a potion of heal wounds {unknown}
Books
 c - a book of Maledictions

   Spells                             Type                      Level
   *Corona                            Hexes                        1
   Sure Blade                         Hexes/Charms                 2
   *Ensorcelled Hibernation           Hexes/Ice                    2
   Confuse                            Hexes                        3
   Enslavement                        Hexes                        4
   Invisibility                       Hexes                        6


   Skills:
 - Level 1.1 Short Blades
 - Level 1.1 Throwing
 - Level 3.1 Dodging
 - Level 3.3 Stealth
 + Level 1.7 Spellcasting
 + Level 4.2 Hexes


You had one spell level left.
You knew the following spells:

 Your Spells              Type           Power        Failure   Level  Hunger
a - Corona                Hex            ##.....      4%          1    ##.....
b - Ensorcelled Hibernat  Hex/Ice        #.....       14%         2    ###....


Dungeon Overview and Level Annotations

Branches:
Dungeon (1/16)

Altars:


Innate Abilities, Weirdness & Mutations

You are tiny and cannot use many weapons and most armour.
You have supernaturally acute eyesight.
You are a herbivore.
You cover ground extremely quickly.
You need consume almost no food.


Message History

The kobold is severely wounded.
The kobold closely misses you.
You hit the kobold.
You kill the kobold!
The kobold throws a dart.
The dart misses you.
You hit the kobold but do no damage. The kobold hits you with a dagger.
You hit the kobold but do no damage. The kobold completely misses you.
You hit the kobold but do no damage. The kobold closely misses you.
You hit the kobold but do no damage. The kobold hits you with a dagger.
* * * LOW HITPOINT WARNING * * *
You are too injured to fight recklessly!
You are too injured to fight recklessly!
You are too injured to fight recklessly!
You are too injured to fight recklessly!
You are too injured to fight recklessly!
You are too injured to fight recklessly!
You hit the kobold.
The kobold is severely wounded.
The kobold hits you with a dagger.
You die...

##≈%....K##
#♣...§...♣#
♣.%...%.♣#
♣P.....P
#P.%.# #.#
##.# ###
#.##.%####.#
#...(.K@..(#
#.########.#
.. #.# #.
.########.#
..........#
.########.#
#...# #.#.#
#.#.#


You could see a kobold.

Vanquished Creatures
  An ooze (D:1)
  A ball python (D:1)
  A giant cockroach (D:1)
  A goblin (D:1)
  A hobgoblin (D:1)
  A bat (D:1)
  A giant newt (D:1)
  4 kobolds (D:1)
  3 rats (D:1)
14 creatures vanquished.

Notes
Turn   | Place    | Note
--------------------------------------------------------------
     0 | D:1      | MDvedh, the Spriggan Enchanter, began the quest for the Orb.
     0 | D:1      | Reached XP level 1. HP: 9/9 MP: 4/4
   196 | D:1      | Reached skill level 4 in Hexes
   247 | D:1      | Reached XP level 2. HP: 7/13 MP: 6/6
   253 | D:1      | Learned a level 2 spell: Ensorcelled Hibernation
   436 | D:1      | Slain by a kobold

Action                   || total
-------------------------++-------
Melee: Dagger            ||    69
 Stab: Sleeping          ||     1
